 Dungeon Sprint DCSS version 0.18.1-48-g4cf74bf (webtiles) character file.

749 saintsgambit the Blocker (level 7, -5/70 HPs)
             Began as a Minotaur Fighter on July 3, 2016.
             Was the Champion of the Shining One.
             Slain by a glaive of flaming (9 damage)
             ... in the Dungeon (Sprint V: "Ziggurat Sprint").
             The game lasted 00:07:16 (787 turns).

saintsgambit the Blocker (Minotaur Fighter)          Turns: 787, Time: 00:07:16

Health: -5/70      AC: 21    Str: 27    XL:     7   Next: 48%
Magic:  5/7        EV:  0    Int:  5    God:    the Shining One [******]
Gold:   0          SH: 40    Dex: 17    Spells: 0 memorised, 6 levels left

rFire  + . .     SeeInvis .     a - +0 war axe
rCold  + . .     Gourm    .     l - +5 gold dragon armour
rNeg   + + +     Faith    .     y - +18 shield of the gong {rElec rN+ MR+ EV-5}
rPois  +         Spirit   .     (helmet restricted)
rElec  +         Dismiss  .     (no cloak)
rCorr  .         Reflect  .     (no gloves)
SustAt .         Harm     .     (no boots)
MR     +....     NoTele   +     (no amulet)
Stlth  ..........               b - +6 ring of dexterity
                                C - +6 ring of strength

@: divine shield, engulfed (cannot breathe), glowing, somewhat resistant to
hostile enchantments, extremely unstealthy
A: retaliatory headbutt, horns 2
a: Divine Shield, Cleansing Flame, Summon Divine Warrior, Brand Weapon With Holy
Wrath, Renounce Religion


You were in the Dungeon.
You worshipped the Shining One.
The Shining One was exalted by your worship.
You were not hungry.

You visited 1 branch

Inventory:

Hand Weapons
 a - a +0 war axe (weapon)
Armour
 l - a +5 gold dragon armour (worn)
 y - the +18 shield of the gong (worn) {rElec rN+ MR+ EV-5}
   (You found it in the Dungeon)

   It affects your evasion (-5).
   It insulates you from electricity.
   It protects you from negative energy.
   It affects your resistance to hostile enchantments.
Rods
 A - a +7 lightning rod (14/14)
   (You found it in the Dungeon)
Jewellery
 b - a +6 ring of dexterity (right hand)
 C - a +6 ring of strength (left hand)
Scrolls
 c - 4 scrolls of enchant armour
 k - 4 scrolls of blinking
 q - 4 scrolls of amnesia
 r - 3 scrolls of recharging
 s - 7 scrolls of fog
 t - a scroll of holy word
 u - 5 scrolls of identify
 v - 4 scrolls of remove curse
 w - 2 scrolls of fear
Potions
 d - 6 potions of might
 e - 10 potions of curing
 g - 10 potions of heal wounds
 h - 6 potions of haste
 i - 7 potions of magic
 j - 3 potions of berserk rage
 m - 2 potions of brilliance
 n - 4 potions of resistance
 o - a potion of experience
 p - 5 potions of agility
Comestibles
 f - 5 bread rations
 x - 42 fruits
 z - 4 meat rations


   Skills:
 + Level 9.2 Fighting
 + Level 7.9 Axes
 + Level 8.0 Armour
 + Level 14.0 Shields
 + Level 1.8 Invocations


You had 6 spell levels left.
You didn't know any spells.

Dungeon Overview and Level Annotations

Branches:
Dungeon (1/1)

Altars:
Ashenzari
Cheibriados
Dithmenos
Elyvilon
Fedhas
Gozag
Kikubaaqudgha
Makhleb
Nemelex Xobeh
Okawaru
Pakellas
Qazlal
Ru
Sif Muna
Trog
Vehumet
Xom
Yredelemnul
Zin
The Shining One
Beogh
Jiyva
Lugonu


Innate Abilities, Weirdness & Mutations

You reflexively headbutt those who attack you in melee.
You have a pair of horns on your head.


Message History

The deep elf archer blinks!
You block the glaive of flaming's attack.
GONNNNG!
You block the ice beast's attack.
BOUMMMMG!
The mace of protection hits you but does no damage.
The water elemental hits you.
* * * LOW HITPOINT WARNING * * *
The deep elf mage hits you but does no damage.
You fail to use your ability.
* * * LOW HITPOINT WARNING * * *
Your lungs strain for air!
You block the ice beast's attack.
SHROANNG!
You block the mace of protection's attack.
GONNNNG!
You block the ice beast's attack.
SHROANNG!
The glaive of flaming hits you from afar!
You die...

▓..[")..▓
▓..[:}..▓
▓.....e.▓
▓.......▓
▓.......▓
▓...§(..▓
▓..YE(..▓
▓.eY@e..▓
▓▓▓▓▓▓▓▓▓


You could see 2 deep elf archers, a water elemental, a deep elf mage, 2 ice
beasts and 2 dancing weapons.

Vanquished Creatures
  A large abomination (D)
  A water moccasin (D)
  A small abomination (D)
  A crimson imp (D)
  7 quasits (D)
  2 iron imps (D)
  2 mummies (D)
  An adder (D)
  2 shadow imps (D)
  2 ufetubi (D)
  2 ball pythons (D)
  A bat skeleton (D)
  A giant cockroach zombie (D)
24 creatures vanquished.

Vanquished Creatures (others)
  A spatial maelstrom (D)
1 creature vanquished.

Grand Total: 25 creatures vanquished

Notes
Turn   | Place    | Note
--------------------------------------------------------------
     0 | D        | saintsgambit the Minotaur Fighter began the quest for the Orb.
     0 | D        | Reached XP level 1. HP: 19/19 MP: 0/0
     1 | D        | Found an iron altar of Okawaru.
     1 | D        | Found a radiant altar of Vehumet.
     1 | D        | Found a burning altar of Makhleb.
     1 | D        | Found a shimmering altar of Xom.
     1 | D        | Found a deep blue altar of Sif Muna.
     7 | D        | Became a worshipper of the Shining One
    17 | D        | Banished a spatial maelstrom
    25 | D        | Found a bloodstained altar of Trog.
    26 | D        | Found a roughly hewn altar of Beogh.
    26 | D        | Found a viscous altar of Jiyva.
    26 | D        | Found a corrupted altar of Lugonu.
    26 | D        | Found a white marble altar of Elyvilon.
    26 | D        | Found a sparkling altar of Nemelex Xobeh.
    92 | D        | Entered arena 1.
    92 | D        | Reached * piety under the Shining One
    94 | D        | Was placed under penance by the Shining One
    94 | D        | Was forgiven by the Shining One
    94 | D        | Reached skill level 4 in Shields
    94 | D        | Reached XP level 2. HP: 28/28 MP: 1/1
    94 | D        | Noticed a sixfirhy
    95 | D        | Was placed under penance by the Shining One
    99 | D        | Reached skill level 5 in Fighting
    99 | D        | Reached skill level 5 in Armour
    99 | D        | Reached skill level 5 in Shields
   117 | D        | Entered arena 2.
   119 | D        | Was forgiven by the Shining One
   126 | D        | Reached skill level 6 in Shields
   126 | D        | Reached XP level 3. HP: 15/37 MP: 2/2
   129 | D        | Reached skill level 7 in Shields
   129 | D        | Reached XP level 4. HP: 16/45 MP: 3/3
   419 | D        | Entered arena 3.
   419 | D        | Reached ** piety under the Shining One
   426 | D        | Reached *** piety under the Shining One
   427 | D        | Reached skill level 8 in Shields
   427 | D        | Reached XP level 5. HP: 52/52 MP: 4/4
   436 | D        | Reached skill level 9 in Shields
   444 | D        | Entered arena 4.
   444 | D        | Noticed a water moccasin
   444 | D        | Reached **** piety under the Shining One
   462 | D        | Killed a water moccasin
   462 | D        | Reached skill level 5 in Axes
   462 | D        | Reached skill level 11 in Shields
   462 | D        | Reached XP level 6. HP: 51/61 MP: 2/5
   472 | D        | Entered arena 5.
   472 | D        | Reached ***** piety under the Shining One
   484 | D        | Reached skill level 12 in Shields
   484 | D        | Reached skill level 1 in Invocations
   607 | D        | Entered arena 6.
   607 | D        | Noticed a large abomination
   607 | D        | Reached ****** piety under the Shining One
   613 | D        | Reached skill level 13 in Shields
   613 | D        | Reached XP level 7. HP: 69/69 MP: 3/6
   627 | D        | Killed a large abomination
   627 | D        | Reached skill level 14 in Shields
   773 | D        | Entered arena 7.
   773 | D        | Noticed a deep elf archer
   773 | D        | Noticed a water elemental
   773 | D        | Noticed a deep elf archer
   773 | D        | Noticed a mace of protection
   773 | D        | Noticed a glaive of flaming
   773 | D        | Noticed a deep elf mage
   787 | D        | Slain by a glaive of flaming

Skill      XL: |  1  2  3  4  5  6  7 |
---------------+----------------------+-----
Fighting       | 4 5 6 7 8 9 |  9.2
Armour         | 4 6 7 8 |  8.0
Shields        | 4 6 7 8 11 13 14 | 14.0
Axes           | 3 4 5 6 7 |  7.9
Invocations    | 1 |  1.8

Action                   |  1- 3 |  4- 6 |  7- 9 || total
-------------------------+-------+-------+-------++-------
Melee: Broad axe         |     6 |       |       ||     6
       War axe           |    11 |    51 |    21 ||    83
       Headbutt          |     1 |    10 |     9 ||    20
Invok: Divine Shield     |       |     3 |     1 ||     4
  Use: Scroll            |     1 |       |       ||     1
Armor: Gold dragon armou |    26 |   113 |    11 ||   150
Dodge: Dodged            |       |     2 |     1 ||     3
Block: Shield            |    42 |   155 |    51 ||   248
